 Dungeon Crawl Stone Soup version 0.29-a0-352-g0917bc69df (webtiles) character file.

Game seed: 9953680448323978583

1767 kevlar127 the Ruffian (level 8, 0/83 HPs)
             Began as a Troll Berserker on Apr 23, 2022.
             Was a Priest of Trog.
             Slain by an orc warrior
             ... wielding a +0 halberd
              (15 damage)
             ... on level 7 of the Dungeon.
             The game lasted 00:18:36 (5413 turns).

kevlar127 the Ruffian (Troll Berserker)             Turns: 5413, Time: 00:18:37

Health: 0/83       AC:  4    Str: 28    XL:     8   Next: 80%
Magic:  7/7        EV: 25    Int:  3    God:    Trog [***...]
Gold:   463        SH:  0    Dex:  9    Spells: 7/7 levels left

rFire   + . .      SeeInvis .     - Unarmed
rCold   . . .      Faith    .   (no shield)
rNeg    . . .      Spirit   .   a - +0 animal skin
rPois   .          Reflect  .   (helmet restricted)
rElec   .          Harm     .   (no cloak)
rCorr   .          Rampage  .   (gloves unavailable)
Will    .....                   (boots unavailable)
Stlth   +.........              n - amulet of the acrobat
HPRegen 1.03/turn               v - ring of protection from fire
MPRegen 0.10/turn               (no ring)

@: acrobatic
A: large, unfitting armour, claws 3, regeneration 1, shaggy fur 1, tough skin 1
a: Renounce Religion, Berserk, Trog's Hand


You were on level 7 of the Dungeon.
You worshipped Trog.
Trog was most pleased with you.
You visited 1 branch of the dungeon, and saw 7 of its levels.
You also visited: Sewer.

You collected 463 gold pieces.

Inventory:

Hand Weapons
 y - a +0 giant spiked club
Missiles
 p - 7 poisoned darts (quivered)
 q - 152 stones
 D - 6 datura-tipped darts
 F - 2 boomerangs
Armour
 a - a +0 animal skin (worn)
Jewellery
 n - an amulet of the acrobat (around neck)
 v - a ring of protection from fire (left claw)
Wands
 u - a wand of charming (1)
 x - a wand of polymorph (7)
 A - a wand of flame (40)
Scrolls
 e - a scroll of holy word {unknown}
 f - 2 scrolls of brand weapon {unknown}
 h - 3 scrolls of magic mapping {unknown}
 k - a scroll of immolation {unknown}
 l - 7 scrolls of identify {unknown}
 o - 2 scrolls of vulnerability {unknown}
 t - 4 scrolls of teleportation
 z - 4 scrolls of noise {unknown}
 B - 2 scrolls of enchant armour {unknown}
 G - a scroll of fog {unknown}
Potions
 b - 3 potions of lignification {unknown}
 c - a potion of haste
 d - 2 potions of attraction
 g - 7 potions of heal wounds
 i - a potion of resistance
 j - 3 potions of degeneration {unknown}
 m - a potion of brilliance {unknown}
 r - 2 potions of curing
 s - 6 potions of flight
 w - a potion of invisibility {unknown}
 C - a potion of mutation {unknown}
 E - 2 potions of might {unknown}


   Skills:
 + Level 6.0 Fighting
 + Level 4.6 Throwing
 - Level 4.0 Dodging
 + Level 7.2 Unarmed Combat


You had 7 spell levels left.
You didn't know any spells.
Your spell library was empty.

Dungeon Overview and Level Annotations

Branches:
Dungeon (7/15)             Temple (0/1) D:4           Sewer (visited)

Altars:
Qazlal

Shops:
D:3 (


Innate Abilities, Weirdness & Mutations

You are too large for most types of armour.
You have claws for hands.
Your natural rate of healing is unusually fast.
You are covered in fur. (AC +1)
You have tough skin. (AC +1)


Message History

You closely miss the orc warrior.
The orc warrior is lightly wounded.
The orc warrior closely misses you. The orc barely misses you.
The orc attacks as you move away! The orc hits you with a +0 falchion.
The orc warrior attacks as you move away!
The orc warrior barely misses you. The orc warrior misses you.
Things that are here:
a +0 club; an orc corpse You scratch the orc.
The orc is heavily wounded.
The orc warrior hits you from afar with a +0 halberd!
The orc closely misses you.
You claw the orc!
You kill the orc!
Trog accepts your kill. The orc warrior barely misses you.
Things that are here:
a +0 falchion; a +0 scale mail You closely miss the orc warrior.
The orc warrior is lightly wounded.
The orc warrior hits you with a +0 halberd!!
You scratch the orc warrior.
The orc warrior is moderately wounded.
The orc warrior hits you with a +0 halberd!
You scratch the orc warrior.
The orc warrior is heavily wounded.
The orc warrior hits you with a +0 halberd!
You closely miss the orc warrior. You claw the orc warrior!
The orc warrior is almost dead.
The orc warrior hits you with a +0 halberd!!
* * * LOW HITPOINT WARNING * * *
You closely miss the orc warrior.
The orc warrior is almost dead.
The orc warrior hits you with a +0 halberd!
* * * LOW HITPOINT WARNING * * *
You closely miss the orc warrior.
The orc warrior is almost dead.
The orc warrior barely misses you.
The orc warrior hits you from afar with a +0 halberd!
You die...

. ###.# ######....#
#........##
#..o......# ##).####.
####@........
#.....#######
####..##############
#......<....)....)..
#.....###############
#....## ...## #. .


You could see an orc warrior.

Vanquished Creatures
  Joseph (D:7)
  Duvessa (D:5)
  2 black bears
  4 ogres
  A centaur (D:6)
  A necrophage (D:5)
  4 scorpions
  Dowan (D:5)
  A howler monkey (D:4)
  2 hounds
  An orc priest (D:6)
  A merfolk siren (Sewer)
  A merfolk avatar (Sewer)
  A gnoll (D:6)
  10 adders
  A river rat (Sewer)
  An ufetubus (D:5)
  3 worms
  A dart slug (D:1)
  10 orcs
  6 bats
  9 endoplasms
  7 giant cockroaches
  13 goblins
  3 hobgoblins
  6 quokkas
  12 ball pythons
  10 frilled lizards
  6 kobolds
  25 rats
145 creatures vanquished.

Vanquished Creatures (others)
  A plant (D:4)
1 creature vanquished.

Grand Total: 146 creatures vanquished

Notes
Turn   | Place    | Note
-------+----------+-------------------------------------------
     0 | D:1      | kevlar127 the Troll Berserker began the quest for the Orb.
     0 | D:1      | Reached XP level 1. HP: 22/22 MP: 0/0
   164 | D:1      | Reached XP level 2. HP: 26/29 MP: 1/1
   352 | D:1      | You fall into a shaft and drop 1 floor!
   602 | D:2      | Reached XP level 3. HP: 36/36 MP: 2/2
  1052 | D:2      | Noticed a great orb of eyes
  1055 | D:2      | Found a faded altar of an unknown god.
  1057 | D:2      | Noticed a great orb of eyes
  1057 | D:2      | Noticed a golden eye
  1057 | D:2      | Noticed an eye of devastation
  1148 | D:2      | Reached ** piety under Trog
  1639 | D:3      | Found Yzur's Weapon Emporium.
  2019 | D:3      | Reached XP level 4. HP: 42/45 MP: 3/3
  2044 | D:3      | Found a glowing drain.
  2058 | Sewer    | Entered a sewer
  2148 | Sewer    | Reached skill level 4 in Unarmed Combat
  2254 | Sewer    | Reached XP level 5. HP: 53/53 MP: 4/4
  2285 | Sewer    | Reached *** piety under Trog
  3274 | D:4      | Noticed an ogre
  3279 | D:4      | Killed an ogre
  3280 | D:4      | Reached XP level 6. HP: 62/62 MP: 5/5
  3376 | D:4      | Found a staircase to the Ecumenical Temple.
  3832 | D:5      | Entered Level 5 of the Dungeon
  3891 | D:5      | Reached skill level 1 in Throwing
  3891 | D:5      | Reached skill level 5 in Unarmed Combat
  4122 | D:5      | Reached XP level 7. HP: 50/71 MP: 6/6
  4633 | D:5      | Noticed Dowan
  4634 | D:5      | Noticed Duvessa
  4648 | D:5      | Killed Duvessa
  4655 | D:5      | Killed Dowan
  4799 | D:6      | Reached skill level 5 in Fighting
  4799 | D:6      | Reached skill level 6 in Unarmed Combat
  4834 | D:6      | Reached XP level 8. HP: 67/80 MP: 7/7
  4928 | D:6      | Found a stormy altar of Qazlal.
  5340 | D:7      | Noticed Joseph
  5354 | D:7      | Killed Joseph
  5355 | D:7      | Reached skill level 7 in Unarmed Combat
  5413 | D:7      | Slain by an orc warrior

Illustrated notes

Levels and vault maps discovered:
D:1:      dpeg_arrival_triangle_fractal, layout_loops_ring
D:2:      layout_basic, hellmonk_ecumenical_altar_watching_god,
          minmay_quadrilaterals
D:3:      layout_loops_corners, serial_shops, shop, portal_sewer_entry_e,
          grunt_decor_resistance
D:4:      cheibrodos_old_hovel, layout_loops_ring,
          minmay_temple_entry_statues_pillars, minmay_goblin_kobold_house
D:5:      layout_basic, uniq_duvessa
D:6:      minmay_angry_zag, layout_rooms, nicolae_qazlal_general_emergency
D:7:      layout_rooms, serial_shops, shop, uniq_joseph

Skill      XL: |  1  2  3  4  5  6  7  8 |
---------------+-------------------------+-----
Fighting       | 3 4 5 6 |  6.0
Dodging        | 3 4 |  4.0
Unarmed Combat | 4 5 6 7 |  7.2
Throwing       | 1 3 4 |  4.6

Action                   |  1- 3 |  4- 6 |  7- 9 || total
-------------------------+-------+-------+-------++-------
Melee: Unarmed           |   141 |   175 |   109 ||   425
       Punch             |       |     2 |     4 ||     6
Invok: Trog's Hand       |       |     1 |     3 ||     4
  Use: Potion            |       |     3 |       ||     3
 Stab: Sleeping          |     1 |     1 |       ||     2
Armor: Animal skin       |    41 |    56 |    23 ||   120
Dodge: Dodged            |    73 |    81 |    68 ||   222

Table legend: (Time is in decaauts)
 A = Elapsed time spent in this place.
 B = Non-inter-level travel time spent in this place.
 C = Inter-level travel time spent in this place.
 D = Time resting spent in this place.
 E = Time spent auto-exploring this place.
 F = Levels seen in this place.
 G = Mean time per level.
                   A        B        C        D        E       F      G
               +--------+--------+--------+--------+--------+-----+--------+
         Total |   5412 |   5018 |    394 |    232 |   3703 |   8 |  676.5 |
       Dungeon |   4869 |   4475 |    394 |    107 |   3496 |   7 |  695.6 |
         Sewer |    542 |    542 |      0 |    125 |    207 |   1 |  542.0 |
               +--------+--------+--------+--------+--------+-----+--------+

Top non-repeatable levels by time:
     D:3: 968 daAuts
     D:5: 947 daAuts
     D:2: 907 daAuts
     D:1: 738 daAuts
     D:4: 690 daAuts
     D:6: 547 daAuts
   Sewer: 542 daAuts
     D:7: 69 daAuts
